 Dungeon Crawl Stone Soup version 0.28.0 (webtiles) character file.

Game seed: 5391956022685732629

6250 PerfectTommy the Carver (level 10, -7/89 HPs)
             Began as a White Draconian Berserker on Feb 5, 2022.
             Was a Priest of Trog.
             Mangled by a vampire (17 damage)
             ... on level 8 of the Dungeon.
             The game lasted 01:12:37 (7612 turns).

PerfectTommy the Carver (White Draconian Berserker) Turns: 7612, Time: 01:12:38

Health: -7/89      AC: 12    Str: 26    XL:     10   Next: 62%
Magic:  10/10      EV: 16    Int:  7    God:    Trog [***...]
Gold:   24         SH:  0    Dex: 15    Spells: 9/9 levels left

rFire   . . .      SeeInvis .   j - +3 falchion
rCold   + . .      Faith    .   (no shield)
rNeg    . . .      Spirit   .   (armour unavailable)
rPois   +          Reflect  .   (helmet restricted)
rElec   .          Harm     .   (no cloak)
rCorr   .          Rampage  .   A - +1 pair of gloves
Will    ++...                   n - +2 pair of boots
Stlth   +++.......              o - amulet of the acrobat
HPRegen 1.24/turn               f - +6 ring of strength
MPRegen 0.12/turn               g - ring of poison resistance

@: strong-willed (expiring), on berserk cooldown, regenerating (expiring),
slowed, very slow
A: breathe frost, AC +7, unfitting armour, cold resistance 1, cold-blooded
a: Breathe Frost, Renounce Religion, Berserk, Trog's Hand


You were on level 8 of the Dungeon.
You worshipped Trog.
Trog was most pleased with you.
You visited 2 branches of the dungeon, and saw 9 of its levels.

You collected 365 gold pieces.
You spent 341 gold pieces at shops.

Inventory:

Hand Weapons
 c - a +0 dagger
 i - a +2 dire flail of protection
 j - a +3 falchion (weapon)
 y - a +0 hand crossbow
 D - a +0 arbalest
 E - a +0 hunting sling
Missiles
 e - 151 arrows
 k - 50 bolts
 l - 127 stones
 s - 15 sling bullets
 B - 3 throwing nets
Armour
 n - a +2 pair of boots (worn)
 A - a +1 pair of gloves (worn)
Jewellery
 f - a +6 ring of strength (left hand)
 g - a ring of poison resistance (right hand)
 o - an amulet of the acrobat (around neck)
Wands
 d - a wand of digging (4)
 h - a wand of charming (2)
 p - a wand of paralysis (5)
 w - a wand of acid (8)
 z - a wand of polymorph (7)
Scrolls
 b - 4 scrolls of teleportation
 m - a scroll of identify
 q - a scroll of enchant weapon
 t - 2 scrolls of blinking {unknown}
 u - a scroll of noise {unknown}
 v - a scroll of torment {unknown}
Potions
 r - 7 potions of curing
 x - a potion of magic {unknown}
 C - a potion of lignification {unknown}
 F - 2 potions of invisibility
 G - a potion of attraction


   Skills:
 + Level 8.3 Fighting
 + Level 11.6 Long Blades
 + Level 0.2 Throwing
 + Level 7.8 Dodging
 + Level 4.5 Stealth
 + Level 0.9 Evocations


You had 9 spell levels left.
You didn't know any spells.
Your spell library contained the following spells:

 Spells                   Type           Power      Damage    Failure   Level
 Shock                    Conj/Air       0%         1d3       43%         1
 Scorch                   Fire           0%         2d5       56%         2
 Swiftness                Air            0%         N/A       80%         3
 Airstrike                Air            0%         N/A       99%         4
 Flame Wave               Conj/Fire      0%         2d4       99%         4
 Summon Cactus Giant      Summ           0%         N/A       100%        6


Dungeon Overview and Level Annotations

Branches:
Dungeon (8/15)             Temple (1/1) D:4
   Lair: D:8-11

Altars:
Ashenzari
Cheibriados
Dithmenos
Elyvilon
Fedhas
Gozag
Hepliaklqana
Kikubaaqudgha
Makhleb
Nemelex Xobeh
Okawaru
Qazlal
Ru
Sif Muna
Trog
Uskayaw
Vehumet
Wu Jian
Xom
Yredelemnul
Zin
The Shining One

Shops:
D:8 !

Annotations:
D:3 1 exclusion


Innate Abilities, Weirdness & Mutations

You can breathe waves of freezing cold which knock back foes.
Your icy white scales are hard. (AC +7)
You cannot fit into any form of body armour.
Your flesh is cold resistant. (rC+)
You are cold-blooded and may be slowed by cold attacks.


Message History

Something barely misses you.
Your skin crawls.
You feel strong-willed. Something hits you.
* * * LOW HITPOINT WARNING * * *
Something bites you but does no damage.
You feel better. Something draws life force from you!
* * * LOW HITPOINT WARNING * * *
Something hits you.
* * * LOW HITPOINT WARNING * * *
Something bites you but does no damage.
You can't see any hostile targets in range.
You barely miss something. Something hits you.
* * * LOW HITPOINT WARNING * * *
Something bites you but does no damage.
You slash something! Something hits you!
* * * LOW HITPOINT WARNING * * *
Something barely misses you.
You feel much better. Something hits you but does no damage.
Something bites you.
Something draws strength from your injuries!
Something hits you! Something bites you but does no damage.
You barely miss something. Something barely misses you. Something bites you.
* * * LOW HITPOINT WARNING * * *
Something draws strength from your injuries!
You hit something but do no damage. Something draws life force from you!!
* * * LOW HITPOINT WARNING * * *
You feel better.
You feel the effects of Trog's Hand fading.
Something barely misses you. Something bites you.
* * * LOW HITPOINT WARNING * * *
Something draws strength from your injuries!
You barely miss something.
Your tail-slap misses something.
Something closely misses you. Something bites you but does no damage.
You completely miss something. Something completely misses you.
Something bites you!
* * * LOW HITPOINT WARNING * * *
Something draws strength from your injuries!
Something hits you!
You die...

... .... ##.... ###
###...... ####.#
###........
##.##.###.#........
##..#...#........:.. ###
#...........@{......
..###..................#
.
...#....................
.
................#...#...
. #...............#.#.#
.. .
.#................#... .
. ##.................
..# . ##.......)....##.#
..# ###...#...#.#.


There were no monsters in sight!

Vanquished Creatures
  A boulder beetle (D:7)
  Harold (D:7)
  A two-headed ogre (D:7)
  Pikel (D:6)
  Psyche (D:8)
  Sigmund (D:3)
  A yak (D:8)
  A wyvern (D:8)
  2 steam dragons (D:8)
  Edmund (D:6)
  2 water moccasins
  Duvessa (D:7)
  3 black bears
  A sky beast (D:7)
  An ice beast (D:7)
  An orc warrior (D:8)
  An ogre (D:7)
  A necrophage (D:4)
  A centaur (D:6)
  A lemure (D:6)
  A kobold brigand (D:7)
  3 bullfrogs (D:7)
  4 scorpions
  A water moccasin zombie (D:6)
  Dowan (D:7)
  2 water moccasin skeletons
  9 killer bees
  4 wights (D:8)
  A bullfrog skeleton (D:7)
  2 orc priests (D:6)
  2 hounds (D:6)
  2 centaur skeletons (D:7)
  3 iguanas
  2 orc wizards (D:6)
  2 killer bee zombies
  2 adders
  8 gnolls
  A howler monkey skeleton (D:4)
  A white imp (D:6)
  2 ufetubi
  An adder zombie (D:5)
  An adder skeleton (D:4)
  2 worms
  9 orcs
  6 ball pythons
  4 endoplasms
  3 giant cockroaches
  6 goblins
  7 hobgoblins
  2 jackals (D:1)
  A quokka (D:1)
  5 bats
  A frilled lizard (D:3)
  9 kobolds
  4 rats
138 creatures vanquished.

Vanquished Creatures (others)
  An orc (D:6)
  2 fungi (D:8)
  2 plants (D:8)
5 creatures vanquished.

Grand Total: 143 creatures vanquished

Notes
Turn   | Place    | Note
-------+----------+-------------------------------------------
     0 | D:1      | PerfectTommy the Draconian Berserker began the quest for
                  | the Orb.
     0 | D:1      | Reached XP level 1. HP: 19/19 MP: 1/1
   316 | D:1      | Reached XP level 2. HP: 22/26 MP: 2/2
   450 | D:1      | Found a faded altar of an unknown god.
  1064 | D:2      | Reached XP level 3. HP: 21/33 MP: 3/3
  1164 | D:2      | Reached ** piety under Trog
  1863 | D:3      | Noticed Sigmund
  2115 | D:4      | Noticed a necrophage
  2129 | D:4      | Killed a necrophage
  2130 | D:4      | Reached skill level 4 in Long Blades
  2130 | D:4      | Reached XP level 4. HP: 40/40 MP: 4/4
  2201 | D:4      | Noticed a scorpion
  2219 | D:4      | Killed a scorpion
  2220 | D:4      | Reached skill level 1 in Stealth
  2220 | D:4      | Reached XP level 5. HP: 35/46 MP: 5/5
  2421 | D:4      | Found a staircase to the Ecumenical Temple.
  2428 | Temple   | Entered the Ecumenical Temple
  2772 | D:4      | Reached skill level 5 in Long Blades
  2772 | D:4      | Reached XP level 6. HP: 45/53 MP: 6/6
  3428 | D:5      | Entered Level 5 of the Dungeon
  3491 | D:5      | Found a sparkling altar of Nemelex Xobeh.
  3976 | D:6      | Noticed a water moccasin
  3992 | D:5      | Killed a water moccasin
  3993 | D:5      | Your scales start taking on an icy white colour.
  3993 | D:5      | Reached XP level 7. HP: 46/60 MP: 7/7
  3993 | D:5      | Gained mutation: Your flesh is cold resistant. (rC+) [White
                  | Draconian growth]
  4146 | D:6      | Reached skill level 6 in Long Blades
  4179 | D:6      | Reached skill level 5 in Fighting
  4295 | D:3      | Killed Sigmund
  4472 | D:6      | You fall into a shaft and drop 1 floor!
  4473 | D:7      | Noticed Pikel
  4625 | D:6      | Reached *** piety under Trog
  4683 | D:6      | Noticed Edmund
  4703 | D:6      | Killed Edmund
  4704 | D:6      | Reached skill level 5 in Dodging
  4704 | D:6      | Reached XP level 8. HP: 54/69 MP: 8/8
  4748 | D:6      | Reached skill level 7 in Long Blades
  5427 | D:6      | Found an ornate altar of the Wu Jian Council.
  5427 | D:6      | Found a sacrificial altar of Ru.
  5427 | D:6      | Found a stormy altar of Qazlal.
  5437 | D:6      | Reached skill level 8 in Long Blades
  5639 | D:6      | Killed Pikel
  5733 | D:7      | Reached XP level 9. HP: 76/77 MP: 9/9
  5739 | D:7      | Reached skill level 9 in Long Blades
  5766 | D:7      | Noticed a boulder beetle
  5787 | D:7      | Killed a boulder beetle
  5792 | D:7      | Reached skill level 10 in Long Blades
  6117 | D:7      | Noticed Duvessa
  6145 | D:7      | Noticed Dowan
  6165 | D:7      | Killed Dowan
  6171 | D:7      | Killed Duvessa
  6330 | D:7      | Noticed Harold
  6384 | D:7      | Killed Harold
  6385 | D:7      | Reached XP level 10. HP: 88/88 MP: 10/10
  6645 | D:7      | Noticed a two-headed ogre
  6660 | D:7      | Killed a two-headed ogre
  6661 | D:7      | Reached skill level 11 in Long Blades
  6911 | D:8      | Found Uheuzup's Distillery.
  6917 | D:8      | Bought 2 potions of invisibility for 176 gold pieces
  6917 | D:8      | Bought 2 potions of curing for 66 gold pieces
  6917 | D:8      | Bought a potion of attraction for 33 gold pieces
  6917 | D:8      | Bought 2 potions of curing for 66 gold pieces
  7428 | D:8      | Found a white marble altar of Elyvilon.
  7431 | D:8      | Found a broken altar of Ashenzari.
  7562 | D:8      | Noticed Psyche
  7572 | D:8      | Killed Psyche
  7612 | D:8      | Mangled by a vampire

Illustrated notes

Levels and vault maps discovered:
D:1:      lightli_iron_boxes, layout_basic,
          hellmonk_ecumenical_altar_dog_temple, interstate_on_off,
          minmay_ruptured
D:2:      layout_loops_ring
D:3:      layout_loops_ring, uniq_sigmund
D:4:      layout_basic, temple_fountains
D:5:      layout_rooms, mainiacjoe_overflow_tiny_flanked
D:6:      layout_basic, gammafunk_temple_overflow_claw, lemuel_another_geyser,
          uniq_edmund
D:7:      layout_rooms, uniq_harold, uniq_pikel, uniq_duvessa
D:8:      layout_cave_pools, nicolae_overflow_squiral, david_lair_generic,
          serial_shops, shop, uniq_psyche
Temple:   regret_index_temple_sphere_string

Skill      XL: |  1  2  3  4  5  6  7  8  9 10 |
---------------+-------------------------------+-----
Dodging        | 3 4 5 6 7 |  7.8
Fighting       | 4 5 6 7 8 |  8.3
Long Blades    | 4 5 6 8 10 11 | 11.6
Stealth        | 1 2 3 4 |  4.5
Throwing       | |  0.2
Evocations     | |  0.9

Action                   |  1- 3 |  4- 6 |  7- 9 | 10-12 || total
-------------------------+-------+-------+-------+-------++-------
Melee: Falchion          |    91 |   113 |   213 |   143 ||   560
       Tailslap          |     8 |    12 |    24 |    12 ||    56
       Punch             |     1 |     1 |     4 |       ||     6
Throw: Stone             |       |       |     1 |       ||     1
Invok: Berserk           |     1 |     1 |     6 |     2 ||    10
       Trog's Hand       |       |       |     1 |     3 ||     4
 Abil: Breathe Frost     |       |       |     8 |     2 ||    10
Evoke: Wand              |       |       |     2 |       ||     2
  Use: Potion            |     3 |     1 |       |     4 ||     8
       Scroll            |     2 |     5 |     1 |       ||     8
 Stab: Sleeping          |     1 |     5 |       |     2 ||     8
Armor: Skin              |    29 |    28 |    64 |    46 ||   167
Dodge: Dodged            |    58 |    66 |   164 |   132 ||   420
